 Dungeon Crawl Stone Soup version 0.30.1 (webtiles) character file.

Game seed: 13344854557376454941

115 Sabo the Ducker (level 4, 0/45 HPs)
             Began as a Troll Monk on July 3, 2023.
             Slain by a gnoll
             ... wielding a +0 spear
              (6 damage)
             ... on level 3 of the Dungeon.
             The game lasted 00:09:49 (2169 turns).

Sabo the Ducker (Troll Monk)                        Turns: 2169, Time: 00:09:49

Health: 0/45       AC:  4    Str: 21    XL:     4   Next: 68%
Magic:  3/3        EV: 10    Int:  6    God:
Gold:   131        SH:  0    Dex: 12    Spells: 3/3 levels left

rFire   . . .        k - +2 short sword (holy)
rCold   . . .        d - orb {light}
rNeg    . . .        b - +0 robe
rPois   .            (helmet restricted)
rElec   .            (no cloak)
rCorr   .            (gloves unavailable)
SInv    .            (boots unavailable)
Will    .....        (no amulet)
Stlth   +            (no ring)
HPRegen 1.07/turn    (no ring)
MPRegen 0.08/turn

%: no passive effects
@: confused, ambrosia-drunk, glowing
A: large, unfitting armour, claws 3, regeneration 1, shaggy fur 1, tough skin 1
a: no special abilities


You were on level 3 of the Dungeon.
You visited 1 branch of the dungeon, and saw 3 of its levels.

You collected 131 gold pieces.

Inventory:

Hand Weapons
 a - a +0 hand axe
 k - a +2 short sword of holy wrath (weapon)
Missiles
 j - 6 boomerangs (quivered)
 n - 2 poisoned darts
Armour
 b - a +0 robe (worn)
 d - an orb of light (worn)
Jewellery
 q - an amulet of magic regeneration
Scrolls
 g - a scroll of blinking {unknown}
 i - 2 scrolls of teleportation
 l - a scroll of enchant weapon
 o - a scroll of poison {unknown}
Potions
 e - 2 potions of flight {unknown}
 f - 2 potions of lignification
 h - a potion of mutation {unknown}
 m - a potion of brilliance {unknown}
 p - 2 potions of invisibility {unknown}
 r - a potion of magic {unknown}


   Skills:
 + Level 3.0 Fighting
 + Level 1.6 Short Blades
 + Level 3.0 Axes
 + Level 3.1 Dodging
 + Level 0.1 Stealth


You had 3 spell levels left.
You didn't know any spells.
Your spell library contained the following spells:

 Spells                   Type           Power      Damage    Failure   Level
 Tukima's Dance           Hex            0%         N/A       83%         3
 Passage of Golubria      Tloc           0%         N/A       99%         4
 Yara's Violent Unravell  Hex/Tmut       0%         3d3       100%        5
 Simulacrum               Ice/Necr       0%         N/A       100%        6
 Ozocubu's Refrigeration  Ice            0%         4d7       100%        7
 Polar Vortex             Ice            0%         N/A       100%        9


Dungeon Overview and Level Annotations

Branches:
Dungeon (3/15)

Altars:
Ru


Innate Abilities, Weirdness & Mutations

You are too large for most types of armour.
You have claws for hands.
Your natural rate of healing is unusually fast.
You are covered in fur. (AC +1)
You have tough skin. (AC +1)


Message History

You hit the gnoll.
The gnoll is moderately wounded.
The gnoll hits you from afar with a +0 spear.
The gnoll hits you with a +0 spear!
You hit the gnoll.
The gnoll is moderately wounded.
The gnoll hits you from afar with a +0 spear.
The gnoll hits you with a +0 spear!
You hit the gnoll.
The gnoll is heavily wounded.
The gnoll barely misses you. The gnoll hits you but does no damage.
You hit the gnoll.
The gnoll is severely wounded.
The gnoll closely misses you. The gnoll hits you with a +0 spear.
You barely miss the gnoll.
The gnoll is heavily wounded.
The gnoll barely misses you. The gnoll hits you with a +0 spear.
* * * LOW HITPOINT WARNING * * *
You hit the gnoll.
The gnoll is severely wounded.
The gnoll hits you from afar with a +0 spear.
* * * LOW HITPOINT WARNING * * *
The gnoll hits you with a +0 spear.
* * * LOW HITPOINT WARNING * * *
You barely miss the gnoll.
The gnoll is severely wounded.
The gnoll hits you from afar with a +0 spear.
* * * LOW HITPOINT WARNING * * *
The gnoll closely misses you.
You hit the gnoll.
The gnoll is severely wounded.
The gnoll closely misses you. The gnoll completely misses you.
You are confused.
You feel invigorated.
The gnoll hits you from afar with a +0 spear.
* * * LOW HITPOINT WARNING * * *
The gnoll hits you with a +0 spear.
* * * LOW HITPOINT WARNING * * *
You bump into the rock wall.
The gnoll hits you with a +0 spear.
You die...

.. ........†...####
#.###..## #.
####.##.#......# #.##...#. #
#.#....##.# #.#.###..
###..###.####.# #.#.# #..
...# ##.# #.# #...###..
#....###.####.#######...##
##.# #.#.................##
##....##.######.#######.....
#.!......gg@..#.#######...##
.......######.............#
#.....# ....#######..##
##...# ###### #..## ##.#
##...# ## ##..#.# #...#.#
######.###### #...........#


You could see 2 gnolls.

Vanquished Creatures
  A gnoll (D:3)
  4 adders
  A shadow imp (D:3)
  2 dart slugs
  8 ball pythons
  7 endoplasms
  A giant cockroach (D:1)
  2 hobgoblins
  3 jackals (D:2)
  3 quokkas
  4 bats
  2 frilled lizards
  3 goblins
  10 kobolds
  12 rats
63 creatures vanquished.

Notes
Turn   | Place    | Note
-------+----------+-------------------------------------------
     0 | D:1      | Sabo the Troll Monk began the quest for the Orb.
     0 | D:1      | Reached XP level 1. HP: 22/22 MP: 0/0
   235 | D:1      | Reached XP level 2. HP: 29/29 MP: 1/1
   858 | D:2      | Reached XP level 3. HP: 36/36 MP: 2/2
  1608 | D:3      | Reached skill level 1 in Short Blades
  1608 | D:3      | Reached XP level 4. HP: 43/44 MP: 3/3
  1869 | D:3      | Found a sacrificial altar of Ru.
  2168 | D:3      | HP: 2/45 [gnoll/+0 spear (5)]
  2169 | D:3      | Slain by a gnoll

Illustrated notes

Levels and vault maps discovered:
D:1:      ebering_trefoil_twist, layout_loops_ring, supply_closet_lemuel,
          minmay_misc_feat_four_crosses
D:2:      layout_loops_cross
D:3:      layout_loops_ring, nicolae_ru_sacrificial_ziggurat,
          mainiacjoe_overflow_chevrons

Skill      XL: |  1  2  3  4 |
---------------+-------------+-----
Axes           | 3 |  3.0
Dodging        | 3 |  3.1
Short Blades   | 1 |  1.6
Fighting       | 3 |  3.0
Stealth        | |  0.1

Action                     |  1- 3 |  4- 6 || total
---------------------------+-------+-------++-------
  Melee: Hand axe          |    23 |       ||    23
         Short sword       |   110 |    63 ||   173
    Use: Scroll            |     3 |       ||     3
         Potion            |       |     1 ||     1
 Armour: Robe              |    49 |    14 ||    63
  Dodge: Dodged            |    57 |    34 ||    91
